 Dungeon Crawl Stone Soup version 0.23.0-3-gf3c87f2 (webtiles) character file.

Game seed: 12929900866294071977

156 Scud the Slasher (level 5, 0/49 HPs)
             Began as a Naga Fighter on Feb 23, 2019.
             Killed from afar by an orc wizard (7 damage)
             ... with a magic dart
             ... on level 4 of the Dungeon.
             The game lasted 00:10:23 (2391 turns).

Scud the Slasher (Naga Fighter)                     Turns: 2391, Time: 00:10:24

Health: 0/49       AC:  5    Str: 19    XL:     5   Next: 38%
Magic:  5/5        EV:  5    Int:  9    God:
Gold:   97         SH:  9    Dex: 10    Spells: 4/4 levels left

rFire    + . .     SeeInvis +   a - +0 long sword
rCold    x . .     Gourm    .   c - +0 shield
rNeg     . . .     Faith    .   b - +0 scale mail
rPois    +         Spirit   .   (no helmet)
rElec    .         Reflect  .   (no cloak)
rCorr    .         Harm     .   (no gloves)
MR       .....     Rnd*Tele +   (no barding)
Stlth    ..........             q - amulet of rage
HPRegen  0.16/turn              t - ring of teleportation (curse)
MPRegen  0.09/turn              s - ring of fire

@: very slow
A: large, see invisible, deformed body, poison resistance, slowness 2, slow
metabolism 1, spit poison 1, AC +1
a: Spit Poison, Evoke Berserk Rage


You were on level 4 of the Dungeon.
You were not hungry.

You visited 1 branch of the dungeon, and saw 4 of its levels.

You collected 97 gold pieces.

Inventory:

Hand Weapons
 a - a +0 long sword (weapon)
Armour
 b - a +0 scale mail (worn)
 c - a +0 shield (worn)
Jewellery
 m - an uncursed amulet of guardian spirit
 q - an amulet of rage (around neck)
 r - an uncursed ring of flight
 s - a ring of fire (right hand)
 t - a cursed ring of teleportation (left hand)
Scrolls
 e - 5 scrolls of fear
 i - a scroll of remove curse
Potions
 h - 3 potions of heal wounds {unknown}
 j - a potion of haste {unknown}
 k - 2 potions of curing {unknown}
 l - 2 potions of berserk rage {unknown}
 p - 2 potions of cancellation {unknown}
Comestibles
 f - 3 rations


   Skills:
 * Level 3.5 Fighting
 * Level 3.8 Long Blades
 + Level 2.9 Armour
 + Level 0.4 Dodging
 + Level 3.0 Shields


You had 4 spell levels left.
You didn't know any spells.
Your spell library was empty.

Dungeon Overview and Level Annotations

Branches:
Dungeon (4/15)
 Temple: D:4-7

Altars:
Cheibriados
Gozag
Ru
The Shining One


Innate Abilities, Weirdness & Mutations

You cannot wear boots.
Your serpentine skin is tough. (AC +1)
You have supernaturally acute eyesight. (SInv)
Armour fits poorly on your strangely shaped body.
Your system is resistant to poisons. (rPois)
You cover ground very slowly.
You have a slow metabolism.
You can spit poison.


Message History

The orc wizard is moderately wounded.
The orc priest calls down the wrath of Beogh upon you.
Beogh smites you!
The orc wizard points at you and mumbles some strange words.
The magic dart hits you!
* * * LOW HITPOINT WARNING * * *
You hit the orc wizard.
The orc wizard is moderately wounded.
The orc wizard gestures at you while chanting.
The magic dart hits you.
* * * LOW HITPOINT WARNING * * *
The orc wizard gestures wildly while chanting.
The orc wizard flickers and vanishes for a moment.
The orc wizard gestures at you while chanting.
The magic dart hits you.
* * * LOW HITPOINT WARNING * * *
You block the orc wizard's attack.
The orc wizard points at you and mumbles some strange words.
The magic dart hits you!
You die...

#. #.# #.#
.#.#####.####.#
..............#
##.._..######
#..8...#
..##.._...#
..........#
#.####....# .
#@.### #..#
#..# #. #oo#
##...#####o.#
#...........#
.......##.###
....... ..#
.......##.#


You could see an orc priest and 2 orc wizards.

Vanquished Creatures
  A hound (D:3)
  Terence (D:2)
  2 adders (D:3)
  2 oozes (D:2)
  2 worms (D:2)
  3 dart slugs (D:1)
  A leopard gecko (D:1)
  An orc (D:3)
  11 bats
  4 giant cockroaches
  8 goblins
  4 hobgoblins
  6 jackals (D:1)
  A quokka (D:3)
  A frilled lizard (D:2)
  5 kobolds
  7 rats
60 creatures vanquished.

Notes
Turn   | Place    | Note
-------+----------+-------------------------------------------
     0 | D:1      | Scud the Naga Fighter began the quest for the Orb.
     0 | D:1      | Reached XP level 1. HP: 21/21 MP: 1/1
    44 | D:1      | Reached XP level 2. HP: 17/28 MP: 2/2
   325 | D:1      | Reached XP level 3. HP: 14/34 MP: 3/3
   899 | D:2      | Found a sacrificial altar of Ru.
   941 | D:2      | Noticed Terence
   946 | D:2      | Killed Terence
   946 | D:2      | Reached XP level 4. HP: 35/42 MP: 4/4
  1540 | D:2      | You fall through a shaft!
  1763 | D:3      | Reached XP level 5. HP: 41/49 MP: 5/5
  1861 | D:3      | Found a faded altar of an unknown god.
  2202 | D:3      | Found a glowing golden altar of the Shining One.
  2357 | D:4      | Found an opulent altar of Gozag.
  2361 | D:4      | Found a snail-covered altar of Cheibriados.
  2391 | D:4      | Killed from afar by an orc wizard

Skill      XL: |  1  2  3  4 |
---------------+-------------+-----
Long Blades    | 3 |  3.8
Shields        | 3 |  3.0
Fighting       | |  3.5
Armour         | |  2.9
Dodging        | |  0.4

Action                   |  1- 3 |  4- 6 || total
-------------------------+-------+-------++-------
Melee: Long sword        |   115 |   111 ||   226
  Use: Potion            |     1 |       ||     1
       Scroll            |       |     6 ||     6
  Eat: Chunk             |       |     3 ||     3
       Ration            |       |     1 ||     1
Armor: Scale mail        |    74 |    54 ||   128
Dodge: Dodged            |    39 |    23 ||    62
Block: Shield            |    87 |    50 ||   137
       Rpst.: Long sword |    12 |    10 ||    22
